details: 'battle of the shitnoobs'

« prev index next »

General information

Mini Map

Players

team 1
HumanUmaMowMow (green | 56 APM | 5133 actions | 91:20)
Hero icon 8 Archmage
Ability icon 3 Blizzard
Ability icon 3 Brilliance Aura
Ability icon 1 Mass Teleport
Ability icon 1 Summon Water Elemental
Hero icon 9 Blood Mage
Ability icon 3 Flame Strike
Ability icon 3 Siphon Mana
Ability icon 1 Summon Phoenix
Ability icon 2 Banish
Hero icon 10 Paladin
Ability icon 3 Divine Shield
Ability icon 3 Holy Light
Ability icon 3 Devotion Aura
Ability icon 1 Resurrection

» actions
Assign group hotkey35
Basic commands461
Build / train221
ESC pressed5
Enter build submenu99
Enter hero's abilities submenu28
Give item / drop item7
Remove unit from queue5
Right click2790
Select / deselect992
Select group hotkey101
Use ability389
5133 total
» units
Peasant63
Mortar Team35
Dragonhawk Rider6
104 total
» upgrades
Lumber Harvesting2
Masonry3
Magic Sentry1
Armor3
Gunpowder3
Fragmentation Shards1
Flare1
14 total
» buildings
Town Hall3
Lumber Mill9
Farm31
Scout Tower81
Guard Tower39
Keep2
Altar of Kings3
Castle4
Arcane Vault3
Arcane Sanctum1
Blacksmith1
Workshop4
Gryphon Aviary2
183 total
» build order
01:27 Town Hall
01:36 Lumber Mill
03:11 Farm
04:23 Scout Tower
04:40 Scout Tower
04:49 Scout Tower
04:50 Scout Tower
04:53 Scout Tower
04:57 Guard Tower
05:00 Scout Tower
05:11 Scout Tower
05:16 Keep
05:22 Farm
05:36 Scout Tower
05:38 Guard Tower
05:45 Guard Tower
05:53 Scout Tower
05:54 Scout Tower
05:57 Scout Tower
05:58 Guard Tower
06:11 Scout Tower
06:14 Guard Tower
06:20 Scout Tower
06:25 Guard Tower
06:42 Scout Tower
06:45 Scout Tower
06:47 Guard Tower
07:02 Scout Tower
07:04 Guard Tower
07:15 Guard Tower
07:30 Altar of Kings
07:39 Guard Tower
08:13 Guard Tower
08:22 Scout Tower
08:23 Scout Tower
08:24 Scout Tower
08:53 Scout Tower
08:57 Scout Tower
09:00 Guard Tower
09:14 Farm
09:21 Guard Tower
09:24 Scout Tower
09:27 Guard Tower
09:32 Scout Tower
09:34 Scout Tower
09:55 Farm
09:59 Guard Tower
10:01 Guard Tower
10:18 Scout Tower
10:20 Scout Tower
10:22 Guard Tower
10:27 Guard Tower
10:44 Castle
10:44 Castle
10:58 Arcane Vault
11:16 Lumber Mill
11:25 Guard Tower
11:27 Scout Tower
11:32 Scout Tower
12:01 Guard Tower
12:07 Scout Tower
12:09 Scout Tower
12:10 Scout Tower
12:14 Guard Tower
12:18 Scout Tower
12:19 Scout Tower
12:23 Scout Tower
12:38 Lumber Mill
12:50 Guard Tower
12:52 Guard Tower
13:12 Farm
13:19 Guard Tower
13:24 Scout Tower
13:26 Scout Tower
13:31 Scout Tower
13:33 Scout Tower
13:36 Guard Tower
13:38 Scout Tower
13:40 Scout Tower
13:57 Guard Tower
14:00 Scout Tower
14:03 Scout Tower
14:04 Scout Tower
14:10 Scout Tower
14:11 Scout Tower
14:26 Keep
14:28 Guard Tower
14:36 Scout Tower
14:38 Scout Tower
14:39 Scout Tower
14:40 Scout Tower
14:40 Scout Tower
14:41 Scout Tower
14:50 Scout Tower
14:55 Scout Tower
14:56 Scout Tower
14:58 Scout Tower
15:07 Scout Tower
15:11 Guard Tower
15:34 Arcane Sanctum
15:37 Guard Tower
15:39 Guard Tower
16:16 Guard Tower
16:28 Guard Tower
17:31 Guard Tower
18:28 Blacksmith
18:45 Lumber Mill
19:27 Scout Tower
19:29 Scout Tower
19:31 Scout Tower
19:34 Scout Tower
19:35 Scout Tower
19:36 Scout Tower
19:37 Scout Tower
19:39 Scout Tower
19:40 Scout Tower
19:42 Scout Tower
19:56 Arcane Vault
20:11 Workshop
20:15 Workshop
20:29 Guard Tower
21:18 Guard Tower
21:52 Workshop
23:00 Scout Tower
23:01 Scout Tower
23:02 Scout Tower
23:05 Scout Tower
23:07 Scout Tower
24:03 Guard Tower
26:22 Castle
28:28 Scout Tower
28:30 Scout Tower
28:31 Scout Tower
28:33 Scout Tower
28:35 Scout Tower
28:36 Scout Tower
28:40 Scout Tower
28:41 Scout Tower
28:42 Scout Tower
28:43 Scout Tower
29:46 Guard Tower
30:08 Altar of Kings
32:11 Lumber Mill
32:14 Lumber Mill
32:19 Farm
32:19 Farm
32:20 Farm
32:20 Farm
32:21 Farm
33:05 Farm
33:10 Farm
33:11 Farm
33:31 Guard Tower
36:58 Lumber Mill
37:10 Guard Tower
41:11 Altar of Kings
50:20 Lumber Mill
51:04 Gryphon Aviary
51:07 Gryphon Aviary
51:13 Farm
51:30 Farm
52:55 Workshop
53:08 Farm
53:10 Farm
53:12 Farm
57:06 Farm
57:09 Farm
57:13 Farm
57:14 Farm
57:16 Farm
57:23 Farm
57:24 Farm
68:58 Farm
69:00 Farm
69:00 Farm
69:00 Farm
72:12 Arcane Vault
73:18 Lumber Mill
73:32 Farm
73:32 Farm
79:04 Town Hall
79:08 Town Hall
» items
Scroll of Regeneration7
Staff of Sanctuary3
Potion of Healing7
Potion of Mana4
Orb of Fire1
22 total
team 2
NightElfyourdoom (blue | 30 APM | 2731 actions | 91:18)
Hero icon 8 Dark Ranger
Ability icon 2 Black Arrow
Ability icon 3 Silence
Ability icon 2 Life Drain
Ability icon 1 Charm

» actions
Assign group hotkey31
Basic commands29
Build / train224
Enter build submenu36
Enter hero's abilities submenu10
Remove unit from queue7
Right click1072
Select / deselect756
Select group hotkey475
Use ability91
2731 total
» units
Wisp39
Archer46
Glaive Thrower45
Hippogryph11
Chimaera43
184 total
» upgrades
Ultravision2
Strength of the Moon3
Moon Armor3
Nature's Blessing1
Vorpal Blades2
Improved Bows1
Marksmanship1
Hippogryph Taming1
Well Spring1
Strength of the Wild3
Reinforced Hides2
Corrosive Breath1
21 total
» buildings
Altar of Elders1
Hunter's Hall1
Moon Well10
Ancient of War2
Ancient Protector10
Tree of Ages1
Tree of Life3
Tree of Eternity1
Ancient of Wind1
Altar of Kings1
Town Hall1
Keep1
Chimaera Roost2
35 total
» build order
00:33 Altar of Elders
00:43 Hunter's Hall
01:52 Moon Well
01:56 Moon Well
02:05 Moon Well
02:07 Moon Well
03:12 Ancient of War
04:31 Ancient Protector
05:20 Ancient Protector
06:13 Ancient Protector
06:50 Ancient Protector
09:57 Tree of Ages
12:13 Ancient of War
15:51 Moon Well
15:59 Moon Well
16:01 Moon Well
16:03 Moon Well
16:04 Moon Well
16:05 Moon Well
21:35 Tree of Life
21:40 Ancient Protector
21:43 Ancient Protector
21:57 Ancient Protector
22:07 Ancient Protector
22:12 Ancient Protector
22:19 Ancient Protector
22:27 Tree of Eternity
31:48 Ancient of Wind
50:04 Altar of Kings
51:53 Town Hall
56:31 Keep
57:02 Chimaera Roost
58:00 Chimaera Roost
58:41 Tree of Life
60:58 Tree of Life